 Dungeon Crawl Stone Soup version 0.31-a0-859-g9dce7d3444 (webtiles) character file.

Game seed: 16518005156088064685

27 Maratek the Stinger (level 2, -2/15 HPs)
             Began as a Deep Elf Venom Mage on Oct 9, 2023.
             Slain by a goblin
             ... wielding a +4 dagger
             ... led by Robin
              (5 damage)
             ... on level 2 of the Dungeon.
             The game lasted 00:02:11 (1794 turns).

Maratek the Stinger (Deep Elf Venom Mage)           Turns: 1794, Time: 00:02:11

Health: -2/15      AC:  2    Str:  5    XL:     2   Next: 93%
Magic:  2/8        EV: 12    Int: 19    God:
Gold:   55         SH:  0    Dex: 15    Spells: 7/8 levels left

rFire   . . .        (no weapon)
rCold   . . .        (no shield)
rNeg    . . .        a - +0 robe
rPois   .            (no helmet)
rElec   .            (no cloak)
rCorr   .            (no gloves)
SInv    .            (no boots)
Will    .....        (no amulet)
Stlth   ++           (no ring)
HPRegen 0.22/turn    (no ring)
MPRegen 0.11/turn

%: no passive effects
@: no status effects
A: no striking features
a: no special abilities


You were on level 2 of the Dungeon.
You visited 1 branch of the dungeon, and saw 2 of its levels.

You collected 55 gold pieces.

Inventory:

Armour
 a - a +0 robe (worn)
Jewellery
 e - a +6 ring of dexterity
Scrolls
 d - a scroll of teleportation {unknown}
Potions
 b - a potion of magic
 c - 2 potions of mutation {unknown}
 f - 2 potions of haste {unknown}


   Skills:
 + Level 0.1 Fighting
 + Level 2.5 Dodging
 + Level 2.5 Stealth
 + Level 3.7 Spellcasting
 + Level 1.3 Transmutations
 + Level 3.9 Poison Magic


You had 7 spell levels left.
You knew the following spells:

 Your Spells              Type           Power      Damage    Failure   Level
a - Sting                 Tmut/Pois      52%        1d5       4%          1

Your spell library contained the following spells:

 Spells                   Type           Power      Damage    Failure   Level
 Poisonous Vapours        Pois/Air       22%        N/A       10%         2
 Freeze                   Ice            12%        1d3       14%         1
 Magic Dart               Conj           12%        1d3       14%         1
 Shock                    Conj/Air       12%        1d3       14%         1
 Call Imp                 Summ           6%         N/A       22%         2
 Mephitic Cloud           Conj/Pois/Air  8%         N/A       24%         3
 Olgreb's Toxic Radiance  Pois           18%        N/A       28%         4
 Frozen Ramparts          Ice            6%         1d1       38%         3
 Hailstorm                Conj/Ice       3%         3d3       38%         3
 Swiftness                Air            3%         N/A       38%         3
 Airstrike                Air            1%         2d(1-17)  80%         4


Dungeon Overview and Level Annotations

Branches:
Dungeon (2/15)

Altars:

Annotations:
D:2 Robin


Message History

The sting misses the goblin.
The goblin shoots a sling bullet.
The sling bullet hits you.
You are too injured to fight recklessly!
You are too injured to fight recklessly!
You are too injured to fight recklessly!
Aiming: Sting (safe; 4% risk of failure)
Press: ? - help, Q - select action Shift-Dir - straight line, f/p - goblin
Aim: a goblin, wielding a +0 sling (64% to hit)
The sting hits the goblin.
The goblin is poisoned.
You kill the goblin!
A goblin comes into view. It is wielding a +0 dagger.
Aiming: Sting (safe; 4% risk of failure)
Press: ? - help, Q - select action Shift-Dir - straight line, f - hobgoblin
Aim: a hobgoblin (71% to hit)
The sting hits the hobgoblin.
The hobgoblin is poisoned.
The hobgoblin is severely wounded.
Aiming: Sting (safe; 4% risk of failure)
Press: ? - help, Q - select action Shift-Dir - straight line, f/p - hobgoblin
Aim: a hobgoblin (severely wounded, poisoned, 71% to hit)
The sting misses the hobgoblin.
The sting hits the goblin.
The goblin is poisoned.
The goblin is severely wounded.
Robin of the Strong Arm comes into view.
They are wielding a +0 spear.
Aiming: Sting (safe; 4% risk of failure)
Press: ? - help, Q - select action Shift-Dir - straight line, f/p - hobgoblin
Aim: a hobgoblin (severely wounded, poisoned, 71% to hit)
The sting hits the hobgoblin.
The hobgoblin looks even sicker.
You kill the hobgoblin!
Robin throws the goblin at you! The goblin completely misses you.
Aiming: Sting (safe; 4% risk of failure)
Press: ? - help, Q - select action Shift-Dir - straight line, f - goblin
Aim: a goblin, wielding a +0 dagger (64% to hit)
The sting hits the goblin.
The goblin is poisoned.
You kill the goblin!
Robin throws the goblin at you!
* * * LOW HITPOINT WARNING * * *
The goblin hits you with a +0 club.
* * * LOW HITPOINT WARNING * * *
The goblin hits you with a +4 dagger.
You die...

######.#
#.##.#
#..
..##.#
###
####.#
#.# #.#
#.# #.#
##g##
#.@.#
#..g..#
##...##
##)##
g.. #.#
#+#


You could see Robin and 2 goblins.

Vanquished Creatures
  4 bats
  2 endoplasms
  2 giant cockroaches (D:1)
  4 hobgoblins
  3 jackals (D:1)
  2 quokkas (D:1)
  A ball python (D:1)
  2 goblins (D:2)
  3 rats (D:1)
23 creatures vanquished.

Notes
Turn   | Place    | Note
-------+----------+-------------------------------------------
     0 | D:1      | Maratek the Deep Elf Venom Mage began the quest for the
                  | Orb.
     0 | D:1      | Reached XP level 1. HP: 10/10 MP: 6/6
   411 | D:1      | Reached XP level 2. HP: 15/15 MP: 4/8
  1792 | D:2      | Noticed Robin
  1794 | D:2      | Slain by a goblin

Illustrated notes

Levels and vault maps discovered:
D:1:      dpeg_arrival_signposts, layout_basic
D:2:      layout_loops_corners, nrook_loot_triangle, uniq_robin

Action                     || total
---------------------------++-------
  Melee: Unarmed           ||     2
   Cast: Sting             ||    47
 Armour: Robe              ||    32
  Dodge: Dodged            ||    27

Table legend: (Time is in decaauts)
 A = Elapsed time spent in this place.
 B = Non-inter-level travel time spent in this place.
 C = Inter-level travel time spent in this place.
 D = Time resting spent in this place.
 E = Time spent auto-exploring this place.
 F = Levels seen in this place.
 G = Mean time per level.
                   A        B        C        D        E       F      G
               +--------+--------+--------+--------+--------+-----+--------+
         Total |   1793 |   1743 |     50 |      0 |   1602 |   2 |  896.5 |
       Dungeon |   1793 |   1743 |     50 |      0 |   1602 |   2 |  896.5 |
               +--------+--------+--------+--------+--------+-----+--------+

Top non-repeatable levels by time:
     D:1: 1467 daAuts
     D:2: 326 daAuts
